 Dungeon Crawl Stone Soup version 0.27.1-33-g824d729ab1 (webtiles) character file.

Game seed: 13216646355103146427

8 SensoryNuts the Skirmisher (level 2, -2/24 HPs)
             Began as a Demonspawn Fighter on Dec 6, 2021.
             Slain by a goblin (3 damage)
             ... led by Robin
             ... on level 2 of the Dungeon.
             The game lasted 00:00:31 (209 turns).

SensoryNuts the Skirmisher (Demonspawn Fighter)      Turns: 209, Time: 00:00:33

Health: -2/24      AC:  6    Str: 13 (16) XL:     2   Next: 0%
Magic:  2/2        EV:  6    Int:  6 (9)  God:
Gold:   14         SH:  8    Dex:  9 (12) Spells: 1/1 levels left

rFire    . . .     SeeInvis .   a - +0 war axe
rCold    . . .     Faith    .   c - +0 kite shield
rNeg     . . .     Spirit   .   b - +0 scale mail
rPois    .         Reflect  .   (no helmet)
rElec    .         Harm     .   (no cloak)
rCorr    .         Rampage  .   (no gloves)
Will     .....                  (no boots)
Stlth    ..........             (no amulet)
HPRegen  0.08/turn              (no ring)
MPRegen  0.08/turn              (no ring)

@: mighty, flying
A: claws 1
a: no special abilities


You were on level 2 of the Dungeon.
You visited 1 branch of the dungeon, and saw 2 of its levels.

You collected 14 gold pieces.

Inventory:

Hand Weapons
 a - a +0 war axe (weapon)
Armour
 b - a +0 scale mail (worn)
 c - a +0 kite shield (worn)


   Skills:
 + Level 3.1 Fighting
 + Level 2.0 Axes
 + Level 2.9 Armour
 + Level 2.7 Shields


You had one spell level left.
You didn't know any spells.
Your spell library was empty.

Dungeon Overview and Level Annotations

Branches:
Dungeon (1/15)

Altars:


Innate Abilities, Weirdness & Mutations

You have sharp fingernails.


Message History

The goblin hits you but does no damage.
Your Axes skill increases to level 2!
You have reached level 2!
Your demonic ancestry asserts itself...
Your fingernails lengthen.
You feel very mighty all of a sudden. The goblin completely misses you.
The goblin hits you with a +0 dagger.
* * * LOW HITPOINT WARNING * * *
The goblin hits you with a +0 dagger.
* * * LOW HITPOINT WARNING * * *
Unknown command.
It was a potion of degeneration.
There was something very wrong with that liquid.
You feel weakened.
You feel dopey.
You feel clumsy. The goblin hits you but does no damage.
The goblin closely misses you. The goblin hits you but does no damage.
Unknown command.
It was a potion of flight.
You feel very buoyant.
You fly up into the air.
The goblin closely misses you. You block the goblin's attack.
The goblin hits you but does no damage.
Unknown command.
You aren't carrying any potions.
You completely miss the goblin.
The goblin is heavily wounded.
You closely miss the goblin. You completely miss the goblin.
The goblin hits you but does no damage. The goblin closely misses you.
The goblin barely misses you. You block the goblin's attack. x2
The goblin completely misses you.
You miss the goblin.
The goblin is heavily wounded.
You closely miss the goblin. You hit the goblin. You block the goblin's attack.
The goblin barely misses you. The goblin hits you but does no damage.
You barely miss the goblin.
The goblin is heavily wounded.
You closely miss the goblin. You slash the goblin!
You kill the goblin!
The goblin hits you but does no damage. You block the goblin's attack. x2
The goblin hits you with a +0 dagger.
You die...

........ .........
############.........
##..<.........# #.....
###............## #.....
.......)).......###.....
#....)@g...............
######g).........#.#...
#.........##....<.
#.........#.......
##.......#........
#.........#......
#.....######.####
#.##### #.# #..# #.#


You could see 2 goblins.

Vanquished Creatures
  5 goblins (D:2)
  A hobgoblin (D:1)
  2 rats (D:2)
8 creatures vanquished.

Notes
Turn   | Place    | Note
-------+----------+-------------------------------------------
     0 | D:1      | SensoryNuts the Demonspawn Fighter began the quest for the
                  | Orb.
     0 | D:1      | Reached XP level 1. HP: 18/18 MP: 1/1
   169 | D:1      | You fall into a shaft and drop 1 floor!
   204 | D:2      | Gained mutation: You have sharp fingernails. [demonic
                  | ancestry]
   204 | D:2      | Reached XP level 2. HP: 3/24 MP: 2/2
   204 | D:2      | HP: 1/24 [goblin[Robin] (1)]
   209 | D:2      | Slain by a goblin

Illustrated notes

Levels and vault maps discovered:
D:1:      matt_arrival_spirals, layout_basic,
          shapermc_ecumenical_altar_hornbeckon, serial_shops, shop,
          minmay_tetromino_s4
D:2:      layout_rooms, minmay_goblin_outpost, uniq_robin

Skill      XL: |  1 |
---------------+----+-----
Axes           | 2 |  2.0
Fighting       | |  3.1
Armour         | |  2.9
Shields        | |  2.7

Action                   || total
-------------------------++-------
Melee: War axe           ||    10
  Use: Potion            ||     3
Armor: Scale mail        ||    20
Dodge: Dodged            ||    12
Block: Kite shield       ||    16
